 Dungeon Crawl Stone Soup version 0.25-a0-886-gd7461d2276 (webtiles) character file.

Game seed: 7523416415466989586, levelgen mode: deterministic

5 Maedhros the Charlatan (level 1, 0/13 HPs)
             Began as an Octopode Artificer on May 2, 2020.
             Slain by a worker ant zombie (5 damage)
             ... on level 4 of the Dungeon.
             The game lasted 00:01:01 (270 turns).

Maedhros the Charlatan (Octopode Artificer)          Turns: 270, Time: 00:01:01

Health: 0/13       AC:  1    Str: 11    XL:     1   Next: 80%
Magic:  3/3        EV: 13    Int: 13    God:
Gold:   59         SH:  0    Dex: 12    Spells: 0/0 levels left

rFire    . . .     SeeInvis .   a - +0 short sword
rCold    . . .     Gourm    .   (no shield)
rNeg     . . .     Faith    .   (helmet restricted)
rPois    .         Spirit   .   (no amulet)
rElec    .         Reflect  .   (no ring)
rCorr    .         Harm     .   (no ring)
MR       .....                  (no ring)
Stlth    +++.......             (no ring)
HPRegen  0.04/turn              (no ring)
MPRegen  0.08/turn              (no ring)
                                (no ring)
                                (no ring)

@: no status effects
A: almost no armour, stealthy swim, amphibious, 8 rings, constrict 8, camouflage
1, gelatinous body 1
a: no special abilities


You were on level 4 of the Dungeon.
You were not hungry.

You visited 1 branch of the dungeon, and saw 4 of its levels.

You collected 59 gold pieces.

Inventory:

Hand Weapons
 a - a +0 short sword (weapon)
Missiles
 h - 8 javelins (quivered)
Wands
 b - a wand of flame (14)
 c - a wand of enslavement (15)
 d - a wand of random effects (15)
Scrolls
 e - a scroll of identify {unknown}
Potions
 g - a potion of curing {unknown}
 i - a potion of degeneration {unknown}
Comestibles
 f - 2 rations


   Skills:
 - Level 1.0 Fighting
 - Level 1.0 Short Blades
 - Level 2.0 Dodging
 + Level 2.6 Stealth
 - Level 3.2 Evocations


You couldn't memorise any spells.
You didn't know any spells.
Your spell library was empty.

Dungeon Overview and Level Annotations

Branches:
Dungeon (4/15)
 Temple: D:4-7

Altars:


Innate Abilities, Weirdness & Mutations

You cannot wear most types of armour.
You are very stealthy in the water. (Stealth+)
You are amphibious.
You can wear up to eight rings at the same time.
You can use your tentacles to constrict eight enemies at once.
Your skin changes colour to match your surroundings (Stealth+).
Your rubbery body absorbs attacks. (AC +1, EV +1)


Message History

Unknown command.
Evoke which item? (* to show all) (? for menu, Esc to quit)
Aiming: Throw Flame
Press: ? - help, Shift-Dir - straight line, f - worker ant zombie
Aim: a worker ant zombie The puff of flame hits the worker ant zombie!
The worker ant zombie is moderately damaged.
You hit the worker ant zombie but do no damage.
You grab the worker ant zombie.
The worker ant zombie is moderately damaged.
You constrict the worker ant zombie, but do no damage.
The worker ant zombie bites you.
You hit the worker ant zombie. You squeeze the worker ant zombie!
The worker ant zombie is severely damaged.
You constrict the worker ant zombie, but do no damage.
The worker ant zombie bites you.
You hit the worker ant zombie.
The worker ant zombie is almost destroyed.
You constrict the worker ant zombie. The worker ant zombie bites you.
You die...

.########
........#######
....).Z@.......
..#.###.#######
... .###. #. ..
. .# ## .# #


You could see a worker ant zombie.

Vanquished Creatures
  A hobgoblin (D:3)
  A jackal (D:3)
  A kobold (D:3)
  2 rats (D:3)
5 creatures vanquished.

Notes
Turn   | Place    | Note
-------+----------+-------------------------------------------
     0 | D:1      | Maedhros the Octopode Artificer began the quest for the
                  | Orb.
     0 | D:1      | Reached XP level 1. HP: 13/13 MP: 3/3
   270 | D:4      | Slain by a worker ant zombie

Levels and vault maps discovered:
D:1:      dpeg_arrival_arbitrary_c, layout_basic
D:2:      layout_basic, dancing_weapons_uskayaw, okawaru_metal_pillars_1_2,
          uniq_jessica, uniq_sigmund
D:3:      layout_loops_corners, nicolae_qazlal_style_of_elements, first_ration
D:4:      layout_loops_ring, st_stairs_4, serial_bayou_pond_a, lemuel_tele_altar

Skill      XL: |  1 |
---------------+----+-----
Stealth        | 2 |  2.6
Fighting       | |  1.0
Short Blades   | |  1.0
Dodging        | |  2.0
Evocations     | |  3.2

Action                   || total
-------------------------++-------
Melee: Short sword       ||    10
       Constrict         ||     4
       Tentacles         ||     2
Evoke: Wand              ||     1
 Stab: Sleeping          ||     1

Table legend:
 A = Non-vault XP
 B = Vault XP
 C = Vault XP percentage of total XP
 D = Non-vault monster count
 E = Vault monster count
 F = Vault count percentage of total count
                 A         B        C        D         E       F
            +---------+---------+-------+---------+---------+-------
      Total |       8 |       0 |   0.0 |       5 |       0 |   0.0
            +---------+---------+-------+---------+---------+-------
        D:3 |       8 |       0 |   0.0 |       5 |       0 |   0.0
            +---------+---------+-------+---------+---------+-------
